 Dungeon Crawl Stone Soup version 0.28.0-1-gb440e238dd (webtiles) character file.

Game seed: 15045791810573263492

8681 pkoi the Grappler (level 11, -2/86 (91) HPs)
             Began as a Red Draconian Monk on Feb 25, 2022.
             Was a High Priest of Okawaru.
             Slain by a ghost crab (10 damage)
             ... in a Gauntlet.
             The game lasted 00:17:16 (15135 turns).

pkoi the Grappler (Red Draconian Monk)             Turns: 15135, Time: 00:17:17

HP:   -2/86 (91)    AC: 12    Str: 14    XL:     11   Next: 13%
MP:   0/15          EV: 16    Int: 15    God:    Okawaru [*****.]
Gold: 532           SH:  0    Dex: 13    Spells: 10/10 levels left

rFire   + . .      SeeInvis .     - Unarmed
rCold   . . .      Faith    .   (no shield)
rNeg    . . .      Spirit   +   (armour unavailable)
rPois   +          Reflect  .   (helmet restricted)
rElec   .          Harm     .   (no cloak)
rCorr   .          Rampage  .   B - +1 pair of gloves
Will    .....      NoTele   +   t - +2 pair of boots {Stlth+}
Stlth   ++++......              C - amulet of guardian spirit
HPRegen 0.24/turn               e - +4 ring of slaying
MPRegen 0.14/turn               k - ring of poison resistance

@: short of breath, heroic, finesse-ful, drained
A: breathe fire, AC +7, unfitting armour, fire resistance 1, cold-blooded
a: Breathe Fire, Renounce Religion, Heroism, Finesse, Duel


You were in a Gauntlet.
You worshipped Okawaru.
Okawaru was extremely pleased with you.
You visited 3 branches of the dungeon, and saw 11 of its levels.
You also visited: Gauntlet.

You collected 532 gold pieces.

Inventory:

Hand Weapons
 H - a +5 hand axe
Missiles
 m - 12 poisoned darts (quivered)
 q - 3 throwing nets
Armour
 t - a +2 pair of boots of stealth (worn)
 B - a +1 pair of gloves (worn)
Magical Staves
 c - a staff of conjuration
Jewellery
 e - a +4 ring of slaying (left hand)
 i - a +6 ring of strength
 k - a ring of poison resistance (right hand)
 o - a ring of positive energy
 w - a ring of protection from cold
 C - an amulet of guardian spirit (around neck)
 D - a ring of protection from cold
Wands
 d - a wand of acid (3)
 p - a wand of flame (22)
 y - a wand of mindburst (3)
Scrolls
 a - a scroll of identify
 l - 3 scrolls of immolation
 n - 2 scrolls of blinking
 s - a scroll of acquirement {unknown}
 u - 2 scrolls of enchant weapon
 v - a scroll of enchant armour
 z - a scroll of holy word
Potions
 b - 2 potions of lignification
 f - 4 potions of haste
 g - 2 potions of cancellation
 h - 2 potions of curing
 j - a potion of brilliance
 r - 4 potions of might
 x - 3 potions of berserk rage
 A - a potion of heal wounds


   Skills:
 + Level 6.6(11.6) Fighting
 + Level 5.6(10.6) Dodging
 + Level 2.4(7.4) Stealth
 * Level 12.5(17.5) Unarmed Combat
 + Level 5.6 Invocations
 + Level 8.1 Evocations


You had 10 spell levels left.
You didn't know any spells.
Your spell library contained the following spells:

 Spells                   Type           Power      Damage    Failure   Level
 Corpse Rot               Necr/Air       0%         N/A       38%         2
 Ensorcelled Hibernation  Hex/Ice        0%         N/A       38%         2
 Passwall                 Tmut/Erth      0%         N/A       38%         2
 Gell's Gravitas          Tloc           0%         N/A       63%         3
 Lesser Beckoning         Tloc           0%         N/A       63%         3
 Swiftness                Air            0%         N/A       63%         3
 Teleport Other           Tloc           0%         N/A       63%         3
 Dispel Undead            Necr           0%         3d6       95%         4
 Hailstorm                Conj/Ice       0%         3d3       95%         4
 Ice Form                 Ice/Tmut       0%         N/A       95%         4
 Olgreb's Toxic Radiance  Pois           0%         N/A       95%         4
 Fireball                 Conj/Fire      0%         3d3       100%        5
 Starburst                Conj/Fire      0%         6d3       100%        6
 Ozocubu's Refrigeration  Ice            0%         4d5       100%        7
 Ignition                 Fire           0%         3d3       100%        8
 Death Channel            Necr           Unusable   N/A       N/A         6
 Simulacrum               Ice/Necr       Unusable   N/A       N/A         6

Dungeon Overview and Level Annotations

Branches:
Dungeon (9/15)             Temple (1/1) D:5            Lair (1/6) D:8
Gauntlet (1/1)
    Orc: D:9-12

Altars:
Ashenzari
Cheibriados
Dithmenos
Elyvilon
Fedhas
Gozag
Hepliaklqana
Kikubaaqudgha
Makhleb
Nemelex Xobeh
Okawaru
Qazlal
Ru
Sif Muna
Trog
Uskayaw
Vehumet
Wu Jian
Xom
Yredelemnul
Zin
The Shining One

Annotations:
Gauntlet 9 transporters, exclusions: ice statue and oklob plant


Innate Abilities, Weirdness & Mutations

You can breathe blasts of fire.
Your fiery red scales are hard. (AC +7)
You cannot fit into any form of body armour.
Your flesh is heat resistant. (rF+)
You are cold-blooded and may be slowed by cold attacks.


Message History

The spectral snapping turtle closely misses you.
The ghost crab bites you.
* * * LOW HITPOINT WARNING * * *
The ghost crab barely misses you.
Unknown command.
You barely miss the ghost crab. You tail-slap the ghost crab.
The ghost crab is almost destroyed.
You are engulfed in spectral mist.
* * * LOW HITPOINT WARNING * * *
The spectral blink frog hits you.
* * * LOW HITPOINT WARNING * * *
Unknown command.
You hit the ghost crab but do no damage.
The ghost crab is almost destroyed.
You are engulfed in spectral mist.
* * * LOW HITPOINT WARNING * * *
The spectral snapping turtle closely misses you.
Unknown command.
You hit the ghost crab but do no damage.
You tail-slap the ghost crab, but do no damage.
The ghost crab is almost destroyed.
You are engulfed in spectral mist.
* * * LOW HITPOINT WARNING * * *
The ghost crab breathes spectral mist at you.
The spectral mist engulfs you but does no damage.
Aiming: Corrosive Bolt
Press: ? - help, Shift-Dir - straight line, f - ghost crab, p - spectral snapping turtle
Aim: a ghost crab (spectral mist, almost destroyed, 88% to hit)
The bolt of acid hits the ghost crab.
The acid corrodes the ghost crab!
The ghost crab is almost destroyed.
You are engulfed in spectral mist.
* * * LOW HITPOINT WARNING * * *
The spectral bunyip barely misses you. The spectral bunyip misses you.
The spectral bunyip barely misses you.
The spectral blink frog hits you but does no damage.
The spectral snapping turtle bites you!
* * * LOW HITPOINT WARNING * * *
The spectral blink frog closely misses you.
The ghost crab bites you!
You die...

#...#..###########...#########
#.©.#≈............§§§.........
#...#∩...........§§8§........∩
#.©.#≈...........§§§.......... #
#...#..###########...#########
#.#...#..#?...☼...§#...#.#..#...
....8.#..#≈≈.°§Z○§≈#...#..#..#..
###...#..#..≈.°§Z☼.######..#..#.
....8.#..#[≈.≈Z@t○.#...#.#..#..#
###...#..#©..≈°Z°≈☼#©.©#©.#..#©.
#≈8≈#..#...≈≈.≈.≈#...#.#..#..#
#####..#≈.≈..≈..≈######..#..#.
###..#.≈≈≈..≈≈.#...#..#..#..
#8#..#$...≈≈...#.8.#?#..#...
###..###########...#########
#.........................
#≈........................


You could see a ghost crab (corroded), a spectral blink frog (summoned), a
spectral snapping turtle (summoned), a spectral shapeshifter (summoned) and a
spectral bunyip (summoned).

Vanquished Creatures
  2 two-headed ogres (D:8)
  Pikel (D:8)
  3 komodo dragons (D:8)
  3 large abominations (Gauntlet)
  Prince Ribbit (D:5)
  A shadow (D:9)
  The ghost of snaxamus the Slinger, an amateur SpHu (D:4)
  2 basilisks (D:8)
  5 steam dragons
  5 small abominations (Gauntlet)
  3 acid dragons
  2 ice beasts (D:6)
  4 sky beasts
  An orc warrior (D:9)
  A black bear (D:5)
  4 ogres
  2 centaurs (D:6)
  A necrophage (D:8)
  2 lemures (D:8)
  A gnoll sergeant (D:8)
  4 bullfrogs
  3 scorpions
  2 water moccasin zombies (D:5)
  A wyvern skeleton (D:7)
  8 killer bees
  10 wights
  A howler monkey (D:6)
  2 bullfrog zombies (D:5)
  A bullfrog skeleton (D:5)
  An orc priest (D:7)
  2 centaur skeletons
  4 hounds
  Jessica (D:3)
  An iguana (D:5)
  4 orc wizards
  A killer bee zombie (D:7)
  A hound skeleton (D:5)
  4 howler monkey zombies
  Robin (D:1)
  10 gnolls
  6 adders
  A howler monkey skeleton (D:4)
  2 white imps
  An adder skeleton (D:4)
  A worm (D:5)
  4 dart slugs
  12 orcs
  3 endoplasms
  2 giant cockroaches
  11 goblins
  11 hobgoblins
  5 jackals
  4 quokkas
  8 ball pythons
  6 bats
  3 frilled lizards
  5 kobolds
  13 rats
205 creatures vanquished.

Vanquished Creatures (others)
  14 demonic plants (Gauntlet)
  2 fungi (D:5)
16 creatures vanquished.

Grand Total: 221 creatures vanquished

Notes
Turn   | Place    | Note
-------+----------+-------------------------------------------
     0 | D:1      | pkoi the Draconian Monk began the quest for the Orb.
     0 | D:1      | Reached XP level 1. HP: 19/19 MP: 1/1
   289 | D:1      | Reached XP level 2. HP: 22/26 MP: 2/2
   532 | D:1      | Found a faded altar of an unknown god.
   661 | D:1      | Reached skill level 4 in Unarmed Combat
   896 | D:1      | Reached XP level 3. HP: 24/31 MP: 3/3
  1620 | D:2      | Noticed Robin
  1878 | D:1      | Killed Robin
  1879 | D:1      | Reached XP level 4. HP: 33/38 MP: 4/4
  2148 | D:2      | Reached skill level 1 in Evocations
  2409 | D:2      | Reached skill level 5 in Unarmed Combat
  2498 | D:3      | Found a basalt altar of Yredelemnul.
  2660 | D:3      | Noticed Jessica
  2667 | D:3      | Killed Jessica
  2900 | D:3      | Reached XP level 5. HP: 45/45 MP: 5/5
  3224 | D:4      | You fall into a shaft and drop 3 floors!
  3889 | D:6      | Reached skill level 6 in Unarmed Combat
  3889 | D:6      | Reached XP level 6. HP: 51/51 MP: 6/6
  4357 | D:6      | Noticed an ice beast
  4404 | D:6      | Noticed an ice beast
  4432 | D:6      | Reached skill level 7 in Unarmed Combat
  4432 | D:6      | Your scales start taking on a fiery red colour.
  4432 | D:6      | Reached XP level 7. HP: 46/57 MP: 7/7
  4432 | D:6      | Gained mutation: Your flesh is heat resistant. (rF+) [Red
                  | Draconian growth]
  4703 | D:5      | Entered Level 5 of the Dungeon
  4703 | D:5      | Noticed a steam dragon
  4711 | D:5      | Found a stormy altar of Qazlal.
  4727 | D:5      | Noticed a steam dragon
  4744 | D:5      | Killed a steam dragon
  4757 | D:6      | Killed a steam dragon
  4758 | D:6      | Reached skill level 8 in Unarmed Combat
  4762 | D:6      | Reached XP level 8. HP: 38/63 MP: 8/8
  5428 | D:5      | Reached skill level 5 in Evocations
  5484 | D:4      | Reached skill level 9 in Unarmed Combat
  5859 | D:4      | Found a runed translucent door.
  5899 | D:4      | Noticed snaxamus's ghost (amateur SpHu)
  6237 | D:4      | Found a glowing silver altar of Zin.
  6380 | D:5      | Noticed Prince Ribbit
  6387 | D:5      | Killed Prince Ribbit
  6393 | D:5      | Reached skill level 10 in Unarmed Combat
  6481 | D:5      | Found a staircase to the Ecumenical Temple.
  6525 | Temple   | Entered the Ecumenical Temple
  6707 | Temple   | Became a worshipper of Warmaster Okawaru
  6707 | Temple   | Reached * piety under Okawaru
  6707 | Temple   | Reached ** piety under Okawaru
  6737 | D:5      | Found a broken altar of Ashenzari.
  7025 | D:5      | Reached XP level 9. HP: 70/70 MP: 9/9
  7132 | D:5      | Reached skill level 1 in Invocations
  7268 | D:5      | Found an opulent altar of Gozag.
  8886 | D:7      | Reached *** piety under Okawaru
  9410 | D:7      | Reached skill level 11 in Unarmed Combat
  9968 | D:8      | Noticed a two-headed ogre
 10366 | D:8      | Killed a two-headed ogre
 10367 | D:8      | Reached skill level 5 in Fighting
 10367 | D:8      | Reached XP level 10. HP: 67/81 MP: 9/12
 10800 | D:8      | Reached **** piety under Okawaru
 10995 | D:8      | Noticed a two-headed ogre
 11005 | D:8      | Killed a two-headed ogre
 11413 | D:8      | Noticed Pikel
 11481 | D:8      | Killed Pikel
 11739 | D:8      | Reached skill level 5 in Dodging
 12096 | D:8      | Reached skill level 12 in Unarmed Combat
 12101 | D:8      | Reached ***** piety under Okawaru
 12136 | D:8      | Reached skill level 5 in Invocations
 12437 | D:8      | Found a staircase to the Lair.
 12961 | D:9      | Found a white marble altar of Elyvilon.
 13472 | D:9      | Received a gift from Okawaru
 14397 | D:4      | Killed snaxamus's ghost
 14698 | Lair:1   | Entered Level 1 of the Lair of Beasts
 14737 | Lair:1   | Found a gate leading to a gauntlet.
 14748 | Gauntlet | Entered a Gauntlet
 14748 | Gauntlet | Noticed a fire crab
 14748 | Gauntlet | Found a transporter.
 14748 | Gauntlet | Found a transporter.
 14749 | Gauntlet | Found a transporter.
 14750 | Gauntlet | Noticed a large abomination
 14751 | Gauntlet | Found a transporter.
 14752 | Gauntlet | Found a transporter.
 14762 | Gauntlet | Found a transporter.
 14767 | Gauntlet | Noticed a ghost crab
 14828 | Gauntlet | Found a transporter.
 14837 | Gauntlet | Noticed an ice statue
 14838 | Gauntlet | Found a transporter.
 14853 | Gauntlet | Found a transporter.
 14863 | Gauntlet | Found a transporter.
 14878 | Gauntlet | Found a transporter.
 14884 | Gauntlet | Found a transporter.
 14884 | Gauntlet | Noticed an oklob plant
 14917 | Gauntlet | Noticed a guardian serpent
 14961 | Gauntlet | Reached XP level 11. HP: 82/91 MP: 6/15
 15126 | Gauntlet | Noticed a spectral bunyip
 15135 | Gauntlet | Slain by a ghost crab

Illustrated notes

Levels and vault maps discovered:
D:1:      sevenhm_arrival_forest_fort_large_1, layout_basic,
          dilly_ecumenical_altar_fadedgnrine, minmay_rat_gold_closets
D:2:      layout_rooms, uniq_robin
D:3:      layout_basic, mainiacjoe_overflow_cross_hatched, uniq_jessica
D:4:      layout_cave_pools, zin_scriptorium, ebering_ghost_sewer_d,
          minmay_diced_spiral
D:5:      kennysheep_steamy, layout_cave_pods,
          mainiacjoe_overflow_small_starburst, mainiacjoe_overflow_big_doors,
          temple_doors_e, uniq_prince_ribbit1
D:6:      layout_gridville, hangedman_decor_riveting
D:7:      layout_layer_cave, kennysheep_potato
D:8:      layout_basic, erik_lair_dragon, uniq_pikel
D:9:      layout_loops_corners, general_overflow_altar
Temple:   eino_temple_scatter_basement
Lair:1:   layout_gridlike, gauntlet_entry_generic,
          nicolae_quartered_pool_little, grunt_megastairs_4
Gauntlet: gammafunk_gauntlet_shortcut [gammafunk_gauntlet_arena_arrow_garden,
          nicolae_gauntlet_arena_flowing_pool, gammafunk_gauntlet_arena_teeth,
          nicolae_gauntlet_arena_quarters, nicolae_gauntlet_arena_grate_2,
          gammafunk_gauntlet_arena_split_x,
          nicolae_gauntlet_exit_dead_adventurers]

Skill      XL: |  1  2  3  4  5  6  7  8  9 10 |
---------------+-------------------------------+-----
Unarmed Combat | 4 5 6 7 8 10 11 12 | 12.5
Dodging        | 3 4 5 |  5.6
Evocations     | 1 2 3 4 6 7 8 |  8.1
Invocations    | 3 5 |  5.6
Fighting       | 5 6 |  6.6
Stealth        | 2 |  2.4

Action                   |  1- 3 |  4- 6 |  7- 9 | 10-12 || total
-------------------------+-------+-------+-------+-------++-------
Melee: Unarmed           |   129 |   102 |   217 |   138 ||   586
       Tailslap          |    10 |    13 |    31 |    36 ||    90
       Punch             |       |     2 |    10 |    13 ||    25
Throw: Dart              |       |       |     1 |     8 ||     9
Invok: Heroism           |       |       |       |     3 ||     3
       Finesse           |       |       |       |     2 ||     2
 Abil: Breathe Fire      |       |       |    17 |    12 ||    29
Evoke: Wand              |       |     3 |       |     1 ||     4
  Use: Scroll            |       |     8 |     2 |    11 ||    21
 Stab: Sleeping          |     9 |     4 |     7 |       ||    20
Armor: Skin              |    46 |    32 |    62 |    35 ||   175
Dodge: Dodged            |   106 |    69 |   135 |    78 ||   388
